AoeStats
← Lakmec

Arabian Desert

510568344Analyzed
1v1 RM · 2d ago on Oct 1, 2026· 71m 16s· 2 players
Game mode
Random Map
Map size
Tiny (2 player)
Population
200
Speed
Normal
Resources
Standard
Victory
Conquest
Starting age
Dark Age
Ending age
Imperial Age
RankedLock teamsTeams togetherTeam positionsShared explorationLock speedFull tech treeHidden civsTurbo modeCheats
Victory
Defeat
🇬🇧 Magyars · United Kingdom
1238
+16
🇹🇷 Malians · Türkiye
1244
-16
CocoConsi
6:50 Loom
9:45 Feudal Age
11:14 Double-Bit Axe
18:41 Horse Collar
22:19 Castle Age
20:43 Gold Mining
21:18 Fletching
21:37 Scale Barding Armor
21:33 Padded Archer Armor
21:51 Bloodlines
23:17 Thumb Ring
23:49 Bow Saw
24:06 Husbandry
27:01 Bodkin Arrow
29:35 Leather Archer Armor
37:18 Imperial Age
35:50 Wheelbarrow
37:20 Chain Barding Armor
39:20 Parthian Tactics
39:41 Bracer
45:32 Gold Shaft Mining
47:29 Ring Archer Armor
48:15 Plate Barding Armor
48:33 Conscription
48:24 Heavy Cavalry Archer
50:48 Chemistry
51:31 Light Cavalry
55:05 Hussar
59:20 Hand Cart
62:13 Recurve Bow
68:48 Ballistics
Lakmec
1:41 Loom
9:33 Feudal Age
10:16 Double-Bit Axe
15:19 Horse Collar
18:25 Wheelbarrow
20:19 Castle Age
18:32 Stone Mining
20:22 Gold Mining
21:54 Fletching
22:41 Heavy Plow
22:53 Bow Saw
22:41 Bodkin Arrow
23:01 Padded Archer Armor
28:47 Ballistics
32:46 Elite Skirmisher
33:32 Thumb Ring
43:53 Imperial Age
42:29 Hand Cart
45:52 Chemistry
45:10 Leather Archer Armor
49:11 Gold Shaft Mining
54:02 Elite Gbeto
65:23 Crop Rotation
70:15 Murder Holes
Connection lost

Rejoining the realm…

Still unreachable

The connection could not be restored.

Session expired

The server has moved on; the page needs a fresh start.